 Dungeon Crawl Stone Soup version 0.31.0-11-ge490571c62 (webtiles) character file.

Game seed: 14400563715594335205

371 mopl the Covered (level 6, -3/38 HPs)
             Began as a Gargoyle Fighter on Feb 10, 2024.
             Killed from afar by an orc wizard (10 damage)
             ... with a magic dart
             ... on level 4 of the Dungeon.
             The game lasted 00:02:48 (2981 turns).

mopl the Covered (Gargoyle Fighter)                 Turns: 2981, Time: 00:02:48

Health: -3/38      AC: 13    Str: 20    XL:     6   Next: 70%
Magic:  6/6        EV:  8    Int:  8    God:
Gold:   148        SH:  4    Dex: 11    Spells: 5/5 levels left

rFire   . . .        a - +0 flail
rCold   . . .        c - +0 buckler
rNeg    + . .        g - +0 chain mail
rPois   ∞            (no helmet)
rElec   +            (no cloak)
rCorr   .            (no gloves)
SInv    .            (no boots)
Will    .....        (no amulet) Stlth
                     o - ring of flight
HPRegen 0.26/turn    (no ring)
MPRegen 0.10/turn

%: no passive effects
@: flying
A: sickness immunity, AC +4, negative energy resistance 1, electricity
resistance, torment resistance 1, petrification resistance
a: no special abilities


You were on level 4 of the Dungeon.
You visited 1 branch of the dungeon, and saw 4 of its levels.

You collected 148 gold pieces.

Inventory:

Hand Weapons
 a - a +0 flail (weapon)
Missiles
 s - 3 poisoned darts (quivered)
Armour
 c - a +0 buckler (worn)
 g - a +0 chain mail (worn)
Jewellery
 o - a ring of flight (left hand)
Wands
 u - a wand of flame (26)
Scrolls
 e - 3 scrolls of teleportation {unknown}
 f - 4 scrolls of identify {unknown}
 h - 2 scrolls of enchant weapon {unknown}
 i - a scroll of fog {unknown}
 j - a scroll of vulnerability {unknown}
 p - a scroll of fear {unknown}
 q - 2 scrolls of enchant armour {unknown}
 r - 2 scrolls of poison {unknown}
 w - a scroll of immolation {unknown}
Potions
 b - 2 potions of curing {unknown}
 d - 2 potions of might
 k - a potion of heal wounds {unknown}
 l - 2 potions of haste {unknown}
 m - a potion of degeneration {unknown}
 n - a potion of mutation {unknown}
 t - a potion of enlightenment {unknown}
 v - a potion of attraction {unknown}


   Skills:
 + Level 4.3 Fighting
 * Level 4.1 Maces & Flails
 + Level 1.3 Throwing
 + Level 4.3 Armour
 + Level 1.6 Dodging
 + Level 4.1 Shields
 + Level 1.0 Evocations


You had 5 spell levels left.
You didn't know any spells.
Your spell library contained the following spells:

 Spells                   Type           Power      Damage    Failure   Level
 Freeze                   Ice            0%         1d3       98%         1
 Frozen Ramparts          Ice            0%         1d1       100%        3
 Hailstorm                Conj/Ice       0%         3d5       100%        3


Dungeon Overview and Level Annotations

Branches:
Dungeon (4/15)
 Temple: D:4-7

Altars:

Annotations:
D:4 Menkaure


Innate Abilities, Weirdness & Mutations

You are immune to sickness and miasma.
Your stone body is resilient. (AC +4)
You are immune to poison.
You resist negative energy. (rN+)
You are resistant to electric shocks. (rElec)
You are resistant to unholy torment.
You are immune to petrification.


Message History

Items here: )))) †.
You start resting.
HP restored.
Found a maw talisman.
You now have 148 gold pieces (gained 8).
An orc comes into view. It is wielding a +0 hand axe.
The orc shouts!
You hear a shout!
An orc wizard comes into view. It is wielding a +0 dagger.
The orc wizard shouts!
Menkaure, Prince of Dust comes into view.
An orc comes into view. It is wielding a +0 dagger.
The orc barely misses you.
You closely miss the orc. The orc hits you but does no damage.
You barely miss Menkaure. You block the orc's attack.
Menkaure casts a spell.
Menkaure seems to speed up.
You sock Menkaure!
Menkaure is moderately damaged.
The orc hits you but does no damage.
Menkaure calls on the powers of darkness!
The orc convulses!
The orc wizard convulses!
Your body is wracked with pain!
The orc convulses!
The orc hits you but does no damage.
You barely miss the orc wizard.
The orc wizard is heavily wounded.
Menkaure hits you. The orc barely misses you. The orc closely misses you.
The orc wizard closely misses you. Menkaure barely misses you.
You hit the orc wizard but do no damage.
The orc wizard is heavily wounded.
Menkaure hits you!
* * * LOW HITPOINT WARNING * * *
You block the orc's attack.
The orc wizard mumbles some strange words.
The orc wizard flickers and vanishes!
Deactivating autopickup; reactivate with Ctrl-A.
The orc hits you with a +0 hand axe.
* * * LOW HITPOINT WARNING * * *
The orc attacks as it pursues you! You block the orc's attack.
A magic dart appears from out of thin air!
The magic dart hits you!
You die...

.....#..##......### ...#
..##..).........# .....
..####................#.
..##.........##.........
.............##.#####....
...........#..#.####..
...........#..#.#...
...........#..#.#.#
...........#...o@o##...
...........###.M.......P
................{###...P
...........####.... .P~
..##......## ....## .
##.... #..#.. #..##..
...# #..


You could see Menkaure (fast) and 2 orcs.

Vanquished Creatures
  A scorpion (D:3)
  A bombardier beetle (D:4)
  Terence (D:3)
  Natasha (thrice) (D:2)
  An orc wizard (D:3)
  4 gnolls (D:4)
  3 adders (D:2)
  2 ribbon worms
  2 dart slugs (D:1)
  3 orcs (D:3)
  3 ball pythons
  5 endoplasms
  4 giant cockroaches
  12 goblins
  5 hobgoblins
  6 jackals
  3 quokkas
  3 bats
  6 frilled lizards
  6 kobolds
  10 rats
84 creatures vanquished.

Notes
Turn   | Place    | Note
-------+----------+-------------------------------------------
     0 | D:1      | mopl the Gargoyle Fighter began the quest for the Orb.
     0 | D:1      | Reached XP level 1. HP: 14/14 MP: 1/1
   217 | D:1      | Reached XP level 2. HP: 13/19 MP: 2/2
   311 | D:1      | Found a faded altar of an unknown god.
   462 | D:1      | Reached XP level 3. HP: 23/23 MP: 3/3
   915 | D:1      | You fall into a shaft and drop 1 floor!
   986 | D:2      | Noticed Natasha
   990 | D:2      | Killed Natasha
   991 | D:2      | Reached XP level 4. HP: 29/29 MP: 4/4
  1161 | D:2      | Reached skill level 1 in Dodging
  1230 | D:2      | Noticed Natasha
  1240 | D:2      | Killed Natasha
  1286 | D:2      | Reached XP level 5. HP: 28/33 MP: 5/5
  1417 | D:2      | Noticed Natasha
  1428 | D:2      | Killed Natasha
  1965 | D:3      | Reached skill level 1 in Throwing
  1965 | D:3      | Reached XP level 6. HP: 25/38 MP: 6/6
  2154 | D:3      | Noticed Terence
  2166 | D:3      | Killed Terence
  2838 | D:4      | Reached skill level 1 in Evocations
  2973 | D:4      | Noticed Menkaure
  2981 | D:4      | Killed from afar by an orc wizard

Illustrated notes

Levels and vault maps discovered:
D:1:      dpeg_arrival_circle_labyrinth_c, layout_basic,
          hellmonk_ecumenical_altar_arch_garden
D:2:      layout_basic, nrook_mini_backslash, uniq_natasha
D:3:      layout_loops_ring, minmay_unequal, uniq_terence
D:4:      layout_rooms, serial_shops, shop, serial_bayou_pond_d,
          kennysheep_another_room, serial_bayou_pond_c, uniq_menkaure,
          uniq_blork_the_orc

Skill      XL: |  1  2  3  4  5  6 |
---------------+-------------------+-----
Maces & Flails | 3 4 |  4.1
Dodging        | 1 |  1.6
Fighting       | 4 |  4.3
Armour         | 4 |  4.3
Throwing       | 1 |  1.3
Shields        | 4 |  4.1
Evocations     | 1 |  1.0

Action                     |  1- 3 |  4- 6 || total
---------------------------+-------+-------++-------
  Melee: Flail             |    89 |   213 ||   302
 Armour: Chain mail        |    88 |   183 ||   271
  Dodge: Dodged            |    43 |    77 ||   120
  Block: Buckler           |    20 |    47 ||    67
